AoeStats
← paulgabduggan

Arabia

504341433Analyzed
1v1 RM · 27d ago on Sep 4, 2026· 24m 41s· 2 players
Game mode
Random Map
Map size
Tiny (2 player)
Population
200
Speed
Normal
Resources
Standard
Victory
Conquest
Starting age
Dark Age
Ending age
Imperial Age
RankedLock teamsTeams togetherTeam positionsShared explorationLock speedFull tech treeHidden civsTurbo modeCheats
Victory
Defeat
🇺🇸 Malians · United States
1522
+18
🇦🇷 Shu · Argentina
1564
-18
paulgabduggan
7:22 Loom
9:31 Feudal Age
10:06 Double-Bit Axe
9:43 Man-at-Arms
13:55 Fletching
19:34 Castle Age
17:42 Horse Collar
Cronos
5:03 Loom
10:23 Feudal Age
14:16 Castle Age
Connection lost

Rejoining the realm…

Still unreachable

The connection could not be restored.

Session expired

The server has moved on; the page needs a fresh start.